PIO (24 & UNDER)
SASKATOON SMOKIN' GUNS @ JASPER COUGARS
08/23/2026
 
TOP OF THE 1ST
Saskatoon Smokin' Guns batting - Pitching for Jasper Cougars : LHP Jon Vaughn
Pitching: LHP Jon Vaughn
Batting: LHB Alejandro Rojas 0-0: Ball
1-0: Ball
2-0: Ball
3-0: Called Strike
3-1: Swinging Strike
3-2: Strikes out looking
Batting: RHB César Rodríguez 0-0: Called Strike
0-1: Called Strike
0-2: Foul Ball, location: 2F
0-2: Ball
1-2: Strikes out swinging
Batting: LHB José Liñares 0-0: Called Strike
0-1: Ball
1-1: Foul Ball, location: 2F
1-2: Strikes out swinging
Top of the 1st over - 0 run(s), 0 hit(s), 0 error(s), 0 left on base; Saskatoon 0 - Jasper 0
BOTTOM OF THE 1ST
Jasper Cougars batting - Pitching for Saskatoon Smokin' Guns : RHP Sloan Numbers
Pitching: RHP Sloan Numbers
Batting: SHB Carlos Córdova 0-0: Ball
1-0: Ball
2-0: Called Strike
2-1: Ball
3-1: Base on Balls
Batting: SHB Rafael Acosta 0-0: Ball
1-0: Ball
Carlos Córdova steals 2nd base
2-0: Called Strike
2-1: Ground out 3-6 (Groundball, 3)
Carlos Córdova to third
Batting: RHB David Hernández 0-0: Ball
1-0: Ball
2-0: Ball
3-0: Called Strike
3-1: Base on Balls
Batting: SHB Ron Edwards 0-0: Called Strike
0-1: Foul Ball, location: 2F
0-2: Fly out, F8 (Flyball, 8RM)
Runner from 3rd tags up, SCORES, no throw
Batting: RHB George Reeves 0-0: Called Strike
0-1: Called Strike
0-2: Ball
1-2: Ground out 6-3 (Groundball, 6)
Bottom of the 1st over - 1 run(s), 0 hit(s), 0 error(s), 1 left on base; Saskatoon 0 - Jasper 1
TOP OF THE 2ND
Saskatoon Smokin' Guns batting - Pitching for Jasper Cougars : LHP Jon Vaughn
Batting: RHB Luis Ibarra 0-0: Called Strike
0-1: Called Strike
0-2: Ball
1-2: Foul Ball, location: 2F
1-2: Strikes out swinging
Batting: LHB Russell Peck 0-0: Ground out 3-1 (Groundball, 34)
Batting: RHB Brendon Little 0-0: Ground out 6-3 (Groundball, 6M)
Top of the 2nd over - 0 run(s), 0 hit(s), 0 error(s), 0 left on base; Saskatoon 0 - Jasper 1
BOTTOM OF THE 2ND
Jasper Cougars batting - Pitching for Saskatoon Smokin' Guns : RHP Sloan Numbers
Batting: LHB Kyle Harrison 0-0: Ball
1-0: Ball
2-0: Foul Ball, location: 2F
2-1: Ball
3-1: Base on Balls
Batting: LHB Jon Scott 0-0: SINGLE (Groundball, 6M)
Kyle Harrison to second
Runner from 2nd tries for 3rd, SAFE, no throw or cutoff
Batting: RHB José Maldonado Pickoff Throw to First - Out!
0-0: Called Strike
0-1: Foul Ball, location: 2F
0-2: Ball
1-2: Ball
2-2: Fly out, F4 (Popup, 13)
Batting: LHB Jon Rogers 0-0: Fly out, F7 (Flyball, 78M)
Bottom of the 2nd over - 0 run(s), 1 hit(s), 0 error(s), 1 left on base; Saskatoon 0 - Jasper 1
TOP OF THE 3RD
Saskatoon Smokin' Guns batting - Pitching for Jasper Cougars : LHP Jon Vaughn
Batting: RHB Johnny MacNamara 0-0: Called Strike
0-1: Fly out, F9 (Flyball, 89M)
Batting: RHB Zack Flint 0-0: Ball
1-0: Ball
2-0: Ball
3-0: Called Strike
3-1: Ground out U3 (Groundball, 3S)
Batting: LHB Bo Rush 0-0: Foul Ball, location: 2F
0-1: Foul Ball, location: 2F
0-2: Ball
1-2: Strikes out swinging
Top of the 3rd over - 0 run(s), 0 hit(s), 0 error(s), 0 left on base; Saskatoon 0 - Jasper 1
BOTTOM OF THE 3RD
Jasper Cougars batting - Pitching for Saskatoon Smokin' Guns : RHP Sloan Numbers
Batting: SHB Carlos Córdova 0-0: Ball
1-0: Called Strike
1-1: Called Strike
1-2: Ground out 4-3 (Groundball, 34)
Batting: SHB Rafael Acosta 0-0: Ball
1-0: Ball
2-0: Foul Ball, location: 2F
2-1: Swinging Strike
2-2: Ball
3-2: Base on Balls
Batting: RHB David Hernández 0-0: Ball
1-0: DOUBLE (Flyball, 9LM)
Rafael Acosta to third
Batting: SHB Ron Edwards 0-0: SINGLE (Groundball, 34D)
Rafael Acosta scores
David Hernández to third
Runner from 3rd tries for Home, SAFE, throw made home
Batting: RHB George Reeves 0-0: SINGLE (Groundball, 6MD)
Ron Edwards to second
Batting: LHB Kyle Harrison 0-0: Ball
1-0: Ball
2-0: Called Strike
2-1: Ball
3-1: Swinging Strike
3-2: Base on Balls
Ron Edwards to third
George Reeves to second
Batting: LHB Jon Scott 0-0: Ball
1-0: Foul Ball, location: 2F
1-1: Ball
2-1: Grounds into fielders choice 1-2 (Groundball, 23)
George Reeves to third
Kyle Harrison to second
Batting: RHB José Maldonado 0-0: Ball
1-0: Ball
2-0: Ball
3-0: Base on Balls
George Reeves scores
Kyle Harrison to third
Jon Scott to second
Batting: LHB Jon Rogers 0-0: Called Strike
0-1: Swinging Strike
0-2: Strikes out swinging
Bottom of the 3rd over - 3 run(s), 3 hit(s), 0 error(s), 3 left on base; Saskatoon 0 - Jasper 4
TOP OF THE 4TH
Saskatoon Smokin' Guns batting - Pitching for Jasper Cougars : LHP Jon Vaughn
Batting: LHB Alejandro Rojas 0-0: Ball
1-0: Called Strike
1-1: Called Strike
1-2: Strikes out looking
Batting: RHB César Rodríguez 0-0: SINGLE (Groundball, 6MD)
Batting: LHB José Liñares 0-0: Called Strike
0-1: Ball
1-1: Swinging Strike
1-2: Ball
2-2: Ball
3-2: Fly out, F5 (Popup, 5F)
Batting: RHB Luis Ibarra 0-0: Ball
1-0: Foul Ball, location: 2F
1-1: Called Strike
1-2: SINGLE (Line Drive, 8RS)
César Rodríguez to second
Runner from 2nd tries for 3rd, SAFE, throw made to third
Batting: LHB Russell Peck 0-0: Ball
1-0: Called Strike
1-1: SINGLE (Groundball, 34D)
César Rodríguez scores
Luis Ibarra to second
Runner from 2nd tries for 3rd, SAFE, no throw or cutoff
Batting: RHB Brendon Little 0-0: Ball
1-0: Foul Ball, location: 2F
1-1: Called Strike
1-2: Strikes out swinging
Top of the 4th over - 1 run(s), 3 hit(s), 0 error(s), 2 left on base; Saskatoon 1 - Jasper 4
BOTTOM OF THE 4TH
Jasper Cougars batting - Pitching for Saskatoon Smokin' Guns : RHP Sloan Numbers
Batting: SHB Carlos Córdova 0-0: Ball
1-0: Ball
2-0: Called Strike
2-1: Foul Ball, location: 2F
2-2: Foul Ball, location: 2F
2-2: Ball
3-2: Fly out, F4 (Popup, 4D)
Batting: SHB Rafael Acosta 0-0: Swinging Strike
0-1: Ground out 2-3 (Groundball, 2R)
Batting: RHB David Hernández 0-0: Called Strike
0-1: Fly out, F4 (Line Drive, 4)
Bottom of the 4th over - 0 run(s), 0 hit(s), 0 error(s), 0 left on base; Saskatoon 1 - Jasper 4
TOP OF THE 5TH
Saskatoon Smokin' Guns batting - Pitching for Jasper Cougars : LHP Jon Vaughn
Batting: RHB Johnny MacNamara 0-0: Ball
1-0: Swinging Strike
1-1: Foul Ball, location: 2F
1-2: Strikes out looking
Batting: RHB Zack Flint 0-0: Foul Ball, location: 2F
0-1: Foul Ball, location: 2F
0-2: Foul Ball, location: 2F
0-2: Ball
1-2: SINGLE (Flyball, 89S) - OUT at second base trying to stretch hit.
Batting: LHB Bo Rush 0-0: Swinging Strike
0-1: SINGLE (Groundball, 4MD)
Batting: LHB Alejandro Rojas 0-0: Called Strike
0-1: Ball
1-1: Called Strike
1-2: Strikes out looking
Top of the 5th over - 0 run(s), 2 hit(s), 0 error(s), 1 left on base; Saskatoon 1 - Jasper 4
BOTTOM OF THE 5TH
Jasper Cougars batting - Pitching for Saskatoon Smokin' Guns : RHP Sloan Numbers
Batting: SHB Ron Edwards 0-0: Ball
1-0: Foul Ball, location: 2F
1-1: Swinging Strike
1-2: Ball
2-2: Ball
3-2: Strikes out swinging
Batting: RHB George Reeves 0-0: Ball
1-0: Foul Ball, location: 2F
1-1: Ball
2-1: Called Strike
2-2: Fly out, F7 (Flyball, 78XD)
Batting: LHB Kyle Harrison 0-0: Ball
1-0: Foul Ball, location: 2F
1-1: Ball
2-1: Called Strike
2-2: Foul Ball, location: 2F
2-2: Ball
3-2: Base on Balls
Pitching: RHP Guy Farinelli
Batting: LHB Jon Scott 0-0: Ball
1-0: Called Strike
1-1: Swinging Strike
1-2: Ball
2-2: SINGLE (Groundball, 34)
Kyle Harrison to second
Runner from 2nd tries for 3rd, OUT!
Bottom of the 5th over - 0 run(s), 1 hit(s), 0 error(s), 1 left on base; Saskatoon 1 - Jasper 4
TOP OF THE 6TH
Saskatoon Smokin' Guns batting - Pitching for Jasper Cougars : LHP Jon Vaughn
Batting: RHB César Rodríguez 0-0: Ball
1-0: Ball
2-0: Fly out, F7 (Flyball, 7M)
Batting: LHB José Liñares 0-0: Ground out 4-3 (Groundball, 4)
Batting: RHB Luis Ibarra 0-0: Ball
1-0: SOLO HOME RUN (Flyball, 7LD), Distance : 325 ft
Batting: LHB Russell Peck 0-0: Fly out, F5 (Popup, 2L)
Top of the 6th over - 1 run(s), 1 hit(s), 0 error(s), 0 left on base; Saskatoon 2 - Jasper 4
BOTTOM OF THE 6TH
Jasper Cougars batting - Pitching for Saskatoon Smokin' Guns : RHP Guy Farinelli
Batting: RHB José Maldonado 0-0: DOUBLE (Line Drive, 7LM)
Batting: LHB Jon Rogers 0-0: Ground out 4-3 (Groundball, 4M)
José Maldonado to third
Batting: SHB Carlos Córdova 0-0: Intentional Walk
Batting: SHB Rafael Acosta 0-0: Ball
Wild Pitch!
José Maldonado scores
Carlos Córdova to second
1-0: Ball
2-0: Ball
3-0: Called Strike
3-1: Called Strike
3-2: DOUBLE (Line Drive, 5D)
Carlos Córdova scores
Batting: RHB David Hernández 0-0: Called Strike
0-1: Ball
1-1: SINGLE (Line Drive, 4D)
Rafael Acosta to third
Batting: SHB Ron Edwards 0-0: Called Strike
0-1: Ball
1-1: Called Strike
1-2: Ball
2-2: Ball
3-2: Base on Balls
David Hernández to second
Batting: RHB George Reeves 0-0: Ball
1-0: Called Strike
1-1: Ball
2-1: Fly out, F9 (Line Drive, 89M)
Runner from 3rd tags up, SCORES, throw made
Batting: LHB Kyle Harrison 0-0: Ball
1-0: Called Strike
1-1: Foul Ball, location: 2F
1-2: Foul Ball, location: 2F
1-2: Ground out 5-3 (Groundball, 56)
Bottom of the 6th over - 3 run(s), 3 hit(s), 0 error(s), 2 left on base; Saskatoon 2 - Jasper 7
TOP OF THE 7TH
Saskatoon Smokin' Guns batting - Pitching for Jasper Cougars : LHP Jon Vaughn
Batting: RHB Brendon Little 0-0: Ball
1-0: Ball
2-0: Foul Ball, location: 2F
2-1: Foul Ball, location: 2F
2-2: Strikes out swinging
Batting: RHB Johnny MacNamara 0-0: DOUBLE (Line Drive, 4M)
Batting: RHB Zack Flint 0-0: Ball
1-0: Swinging Strike
1-1: Called Strike
1-2: Ball
2-2: SINGLE (Line Drive, 6MD)
Johnny MacNamara to third
Batting: LHB Bo Rush 0-0: Ball
1-0: Called Strike
1-1: Foul Ball, location: 2F
1-2: Ball
2-2: Ball
3-2: Base on Balls
Zack Flint to second
Pitching: RHP António Peña
Batting: LHB Alejandro Rojas 0-0: Called Strike
0-1: Called Strike
0-2: DOUBLE (Line Drive, 8RS)
Johnny MacNamara scores
Zack Flint scores
Bo Rush to third
Batting: RHB César Rodríguez 0-0: Hit by Pitch
Batting: LHB José Liñares 0-0: Foul Ball, location: 2F
0-1: Ball
1-1: DOUBLE (Line Drive, 9LD)
Bo Rush scores
Alejandro Rojas scores
César Rodríguez to third
Runner from 3rd tries for Home, SAFE, no throw or cutoff
Batting: RHB Luis Ibarra 0-0: Ground out U3 (Groundball, 3S)
José Liñares to third
Batting: LHB Russell Peck 0-0: Swinging Strike
0-1: Called Strike
0-2: Ball
1-2: Ball
2-2: Ball
3-2: Strikes out swinging
Top of the 7th over - 5 run(s), 4 hit(s), 0 error(s), 1 left on base; Saskatoon 7 - Jasper 7
BOTTOM OF THE 7TH
Jasper Cougars batting - Pitching for Saskatoon Smokin' Guns : RHP Guy Farinelli
Pinch Hitting: LHB António Camacho 0-0: Ball
1-0: Called Strike
1-1: Ball
2-1: Foul Ball, location: 2F
2-2: SINGLE (Groundball, 34D)
Batting: RHB José Maldonado 0-0: Bunted foul
0-1: Ball
1-1: Ball
2-1: Sac Bunt - play at first, batter OUT! 5-4
António Camacho to second
Batting: LHB Jon Rogers 0-0: Ball
1-0: Swinging Strike
1-1: Reached on error, E6 (Groundball, 6)
António Camacho to third
Batting: SHB Carlos Córdova 0-0: Ball
Jon Rogers is caught stealing 2nd base
1-0: DOUBLE (Flyball, 78M)
António Camacho scores
Pitching: RHP Denny Koch
Batting: SHB Rafael Acosta 0-0: Foul Ball, location: 2F
0-1: Swinging Strike
0-2: Ball
1-2: Foul Ball, location: 2F
1-2: Fly out, F5 (Popup, 15)
Bottom of the 7th over - 1 run(s), 2 hit(s), 1 error(s), 1 left on base; Saskatoon 7 - Jasper 8
TOP OF THE 8TH
Saskatoon Smokin' Guns batting - Pitching for Jasper Cougars : RHP António Peña
Now in LF: António Camacho
Batting: RHB Brendon Little 0-0: Called Strike
0-1: Called Strike
0-2: Ball
1-2: Ball
2-2: Ball
3-2: Strikes out swinging
Batting: RHB Johnny MacNamara 0-0: Fly out, F9 (Flyball, 9LMF)
Batting: RHB Zack Flint 0-0: Ball
1-0: Ground out 4-3 (Groundball, 4M)
Top of the 8th over - 0 run(s), 0 hit(s), 0 error(s), 0 left on base; Saskatoon 7 - Jasper 8
BOTTOM OF THE 8TH
Jasper Cougars batting - Pitching for Saskatoon Smokin' Guns : RHP Denny Koch
Batting: RHB David Hernández 0-0: Called Strike
0-1: Ground out 4-3 (Groundball, 4)
Batting: SHB Ron Edwards 0-0: Ball
1-0: Called Strike
1-1: Foul Ball, location: 2F
1-2: Strikes out swinging
Batting: RHB George Reeves 0-0: Ball
1-0: Called Strike
1-1: Called Strike
1-2: Foul Ball, location: 2F
1-2: Strikes out looking
Bottom of the 8th over - 0 run(s), 0 hit(s), 0 error(s), 0 left on base; Saskatoon 7 - Jasper 8
TOP OF THE 9TH
Saskatoon Smokin' Guns batting - Pitching for Jasper Cougars : RHP António Peña
Batting: LHB Bo Rush 0-0: Called Strike
0-1: Ball
1-1: Ball
2-1: Ball
3-1: Fly out, F2 (Popup, 2LF)
Batting: LHB Alejandro Rojas 0-0: Ball
1-0: Called Strike
1-1: Swinging Strike
1-2: Ball
2-2: Foul Ball, location: 2F
2-2: Strikes out swinging
Pinch Hitting: LHB Raúl Casillán 0-0: Ball
1-0: SOLO HOME RUN (Flyball, 9D), Distance : 359 ft
Pitching: LHP Robert Williams
Batting: LHB José Liñares 0-0: Called Strike
0-1: Ball
1-1: Ball
2-1: Ball
3-1: Fly out, F8 (Line Drive, 8LD)
Top of the 9th over - 1 run(s), 1 hit(s), 0 error(s), 0 left on base; Saskatoon 8 - Jasper 8
BOTTOM OF THE 9TH
Jasper Cougars batting - Pitching for Saskatoon Smokin' Guns : RHP Denny Koch
Pitching: RHP Melvin Hicks
Now in LF: Raúl Casillán
Batting: LHB Kyle Harrison 0-0: Called Strike
0-1: Ball
1-1: Swinging Strike
1-2: Ball
2-2: Strikes out swinging
Batting: LHB António Camacho 0-0: Ball
1-0: Ball
2-0: Called Strike
2-1: Foul Ball, location: 2F
2-2: Ball
3-2: Base on Balls
Pinch Hitting: RHB Bob Cole 0-0: Ball
1-0: Ball
2-0: Ball
3-0: Called Strike
3-1: Called Strike
3-2: SINGLE (Line Drive, 3)
António Camacho to second
Runner from 2nd tries for 3rd, SAFE, no throw or cutoff
Batting: LHB Jon Rogers 0-0: Called Strike
Bob Cole steals 2nd base
0-1: Intentional Walk
Batting: SHB Carlos Córdova 0-0: Swinging Strike
0-1: Called Strike
0-2: Ball
1-2: Fly out, F9 (Line Drive, 89S)
Batting: SHB Rafael Acosta 0-0: Ground out 4-3 (Groundball, 34)
Bottom of the 9th over - 0 run(s), 1 hit(s), 0 error(s), 3 left on base; Saskatoon 8 - Jasper 8
TOP OF THE 10TH
Saskatoon Smokin' Guns batting - Pitching for Jasper Cougars : LHP Robert Williams
Now at C: Neil Weeks
Batting: RHB Luis Ibarra 0-0: Ball
1-0: Ball
2-0: Called Strike
2-1: Ball
3-1: Base on Balls
Batting: LHB Russell Peck 0-0: Ball
Luis Ibarra steals 2nd base
1-0: Intentional Walk
Batting: RHB Brendon Little 0-0: Bunted foul
0-1: Bunted foul
0-2: Foul Ball, location: 2F
0-2: Fly out, F8 (Popup, 6MD)
Pinch Hitting: SHB Michael Miller 0-0: Ball
1-0: Ball
2-0: SINGLE (Line Drive, 56D)
Luis Ibarra to third
Russell Peck to second
Runner from 3rd tries for Home, SAFE, no throw or cutoff
Pitching: LHP Alberto Guerra
Batting: RHB Zack Flint 0-0: Ball
1-0: Swinging Strike
1-1: Ball
2-1: Ball
3-1: Foul Ball, location: 2F
3-2: Base on Balls
Russell Peck to third
Michael Miller to second
Pinch Hitting: RHB Xavier López 0-0: Foul Ball, location: 2F
0-1: Foul Ball, location: 2F
0-2: Ball
1-2: Strikes out swinging
Batting: LHB Alejandro Rojas 0-0: Ball
1-0: Called Strike
1-1: Called Strike
1-2: Foul Ball, location: 2F
1-2: Ball
2-2: Ball
3-2: Foul Ball, location: 2F
3-2: Strikes out swinging
Top of the 10th over - 1 run(s), 1 hit(s), 0 error(s), 3 left on base; Saskatoon 9 - Jasper 8
BOTTOM OF THE 10TH
Jasper Cougars batting - Pitching for Saskatoon Smokin' Guns : RHP Melvin Hicks
Now at 3B: Ben Fisher
Now at SS: Xavier López
Batting: RHB David Hernández 0-0: Called Strike
0-1: Called Strike
0-2: Ball
1-2: Fly out, F8 (Flyball, 78D)
Batting: SHB Ron Edwards 0-0: Ball
1-0: Called Strike
1-1: Ball
2-1: DOUBLE (Flyball, 78XD)
Batting: RHB George Reeves 0-0: Called Strike
0-1: Ball
1-1: Ball
2-1: Ground out 5-3 (Groundball, 56)
Batting: LHB Kyle Harrison 0-0: Called Strike
0-1: Foul Ball, location: 2F
0-2: Ball
1-2: SINGLE (Groundball, 6M)
Ron Edwards to third
Runner from 3rd tries for Home, SAFE, no throw or cutoff
Batting: LHB António Camacho 0-0: Ball
1-0: Ball
2-0: Ball
3-0: Base on Balls
Kyle Harrison to second
Pinch Hitting: LHB John Stone 0-0: Ball
1-0: Called Strike
1-1: Called Strike
1-2: Ball
2-2: Ball
3-2: Ground out U3 (Groundball, 3S)
Bottom of the 10th over - 1 run(s), 2 hit(s), 0 error(s), 2 left on base; Saskatoon 9 - Jasper 9
TOP OF THE 11TH
Saskatoon Smokin' Guns batting - Pitching for Jasper Cougars : LHP Alberto Guerra
Now at C: Henry Barker
Batting: LHB Raúl Casillán 0-0: Ball
1-0: Foul Ball, location: 2F
1-1: SINGLE (Line Drive, 89S)
Batting: LHB José Liñares 0-0: Foul Ball, location: 2F
0-1: Foul Ball, location: 2F
0-2: Strikes out swinging
Batting: RHB Luis Ibarra 0-0: Ball
1-0: Swinging Strike
1-1: Ball
2-1: Ball
3-1: Fly out, F3 (Popup, 3DF)
Pitching: RHP José Orozco
Batting: LHB Russell Peck 0-0: Ball
1-0: Foul Ball, location: 2F
1-1: Foul Ball, location: 2F
1-2: Strikes out swinging
Top of the 11th over - 0 run(s), 1 hit(s), 0 error(s), 1 left on base; Saskatoon 9 - Jasper 9
BOTTOM OF THE 11TH
Jasper Cougars batting - Pitching for Saskatoon Smokin' Guns : RHP Melvin Hicks
Pitching: RHP Bernardo García
Batting: LHB Jon Rogers 0-0: Called Strike
0-1: Ball
1-1: Ball
2-1: Ball
3-1: Ground out 1-3 (Groundball, 25)
Batting: SHB Carlos Córdova 0-0: Called Strike
0-1: Foul Ball, location: 2F
0-2: Foul Ball, location: 2F
0-2: Ball
1-2: Foul Ball, location: 2F
1-2: Ball
2-2: Foul Ball, location: 2F
2-2: Ball
3-2: Fly out, F8 (Flyball, 8RXD)
Batting: SHB Rafael Acosta 0-0: Swinging Strike
0-1: Ball
1-1: Ball
2-1: Ball
3-1: Called Strike
3-2: Base on Balls
Batting: RHB David Hernández 0-0: Swinging Strike
0-1: Called Strike
0-2: Ball
1-2: Foul Ball, location: 2F
1-2: SINGLE (Flyball, 8LS)
Rafael Acosta to second
Runner from 2nd tries for 3rd, SAFE, no throw or cutoff
Batting: SHB Ron Edwards 0-0: Called Strike
0-1: Foul Ball, location: 2F
0-2: SINGLE (Line Drive, 78S)
Rafael Acosta scores
Monday, December 5th, 2016 - OOTP Baseball 17.12 Build 75